 Dungeon Crawl Stone Soup version 0.29.0-4-gdea44cf6ec (webtiles) character file.

Game seed: 2227079582789585445

6 qw the Sneak (level 1, -1/14 HPs)
             Began as a Gargoyle Delver on Sept 10, 2022.
             Killed from afar by a dart slug (6 damage)
             ... with a slug dart
             ... on level 3 of the Dungeon.
             The game lasted 00:00:03 (172 turns).

qw the Sneak (Gargoyle Delver)                       Turns: 172, Time: 00:00:04

Health: -1/14      AC:  5    Str: 15    XL:     1   Next: 90%
Magic:  1/1        EV: 11    Int: 10    God:
Gold:   0          SH:  0    Dex: 11    Spells: 0/0 levels left

rFire   . . .      SeeInvis .   a - +0 hand axe
rCold   . . .      Faith    .   (no shield)
rNeg    + . .      Spirit   .   b - +0 leather armour
rPois   inf        Reflect  .   (no helmet)
rElec   +          Harm     .   (no cloak)
rCorr   .          Rampage  .   (no gloves)
Will    .....                   (no boots)
Stlth   +++.......              (no amulet)
HPRegen 0.04/turn               (no ring)
MPRegen 0.07/turn               (no ring)

@: no status effects
A: sickness immunity, AC +2, negative energy resistance 1, electricity
resistance, torment resistance 1, petrification resistance
a: no special abilities


You were on level 3 of the Dungeon.
You visited 1 branch of the dungeon, and saw 3 of its levels.


Innate Abilities, Weirdness & Mutations

You are immune to sickness and miasma.
Your stone body is resilient. (AC +2)
You are immune to poison.
You resist negative energy. (rN+)
You are resistant to electric shocks. (rElec)
You are resistant to unholy torment.
You are immune to petrification.


   Skills:
 - Level 3.2 Fighting
 + Level 2.3 Axes
 - Level 1.5 Dodging
 - Level 5.4 Stealth


You couldn't memorise any spells.
You didn't know any spells.
Your spell library was empty.

Inventory:

Hand Weapons
 a - a +0 hand axe (weapon)
Armour
 b - a +0 leather armour (worn)
Wands
 g - a wand of digging (3)
Potions
 f - a potion of haste

Dungeon Overview and Level Annotations

Branches:
Dungeon (5/15)
 Temple: D:4-7

Altars:


Message History

You kill the goblin!
Your Axes skill increases to level 2!
You closely miss the kobold. The kobold barely misses you.
You closely miss the kobold. The kobold hits you but does no damage.
You miss the kobold. You closely miss the quokka. The kobold barely misses you.
The quokka barely misses you.
You hit the kobold but do no damage. You hit the quokka but do no damage.
The kobold closely misses you.
The quokka bites you but does no damage.
The kobold hits you with a +0 whip. The rat barely misses you.
You hit the rat.
The rat is heavily wounded.
You barely miss the kobold. You hit the quokka but do no damage.
The quokka bites you but does no damage.
The rat misses you. The kobold hits you but does no damage.
The quokka closely misses you.
You barely miss the rat.
The rat is heavily wounded.
You hit the kobold. You closely miss the quokka.
The quokka bites you but does no damage.
The kobold barely misses you. The rat bites you but does no damage.
You barely miss the kobold.
The kobold is severely wounded.
You hit the quokka. You hit the rat.
You kill the rat!
The quokka barely misses you. The kobold hits you with a +0 whip.
A dart slug comes into view.
The quokka closely misses you.
You hit the quokka but do no damage.
The quokka is almost dead.
You hit the kobold.
You kill the kobold!
The quokka bites you.
You hit the quokka.
You kill the quokka!
The dart slug launches a dart at you. The slug dart hits you.
You die...

........).
...........
..........
..........
.........##
...>......
.......).#
.......)>#
.......@.#
...w.....#
.........#
..<......#
.........#
......!..#
........<#
..........


You could see a dart slug.

Vanquished Creatures
  An endoplasm (D:4)
  2 goblins (D:3)
  A quokka (D:3)
  A kobold (D:3)
  A rat (D:3)
6 creatures vanquished.

Notes
Turn   | Place    | Note
-------+----------+-------------------------------------------
     0 | D:5      | qw the Gargoyle Delver began the quest for the Orb.
     0 | D:5      | Reached XP level 1. HP: 14/14 MP: 1/1
     0 | D:5      | 0 ||| qw: Version: 0.1-a-116-g5d60599
     0 | D:5      | 0 ||| qw: Game counter: 7994
     0 | D:5      | 0 ||| qw: Always use a shield: true
     0 | D:5      | 0 ||| qw: God list: Okawaru
     0 | D:5      | 0 ||| qw: Allow faded altars: false
     0 | D:5      | 0 ||| qw: Do Orc after D:15 true
     0 | D:5      | 0 ||| qw: Do second Lair branch before Depths: true
     0 | D:5      | 0 ||| qw: Lair rune preference: random
     0 | D:5      | 0 ||| qw: Plans: Normal
     0 | D:5      | 0 ||| PLANNING D:1-11
     0 | D:5      | 0 ||| DROPPING scroll of fog.
     1 | D:5      | 1 ||| DROPPING scroll of magic mapping.
     2 | D:5      | 2 ||| DROPPING scroll of fear.
   172 | D:3      | Killed from afar by a dart slug

Levels and vault maps discovered:
D:3:      layout_basic
D:4:      due_chaos_kobolds, layout_layer_cave, minivault_5, uniq_ijyb
D:5:      layout_loops_corners, serial_bayou_pond_e, uniq_grinder

Skill      XL: |  1 |
---------------+----+-----
Axes           | 2 |  2.3
Fighting       | |  3.2
Dodging        | |  1.5
Stealth        | |  5.4

Action                   || total
-------------------------++-------
Melee: Hand axe          ||    13
Armor: Leather armour    ||     6
Dodge: Dodged            ||    12

Table legend:
 A = Non-vault XP
 B = Vault XP
 C = Vault XP percentage of total XP
 D = Non-vault monster count
 E = Vault monster count
 F = Vault count percentage of total count
                 A         B        C        D         E       F
            +---------+---------+-------+---------+---------+-------
      Total |       9 |       0 |   0.0 |       6 |       0 |   0.0
            +---------+---------+-------+---------+---------+-------
        D:3 |       7 |       0 |   0.0 |       5 |       0 |   0.0
        D:4 |       2 |       0 |   0.0 |       1 |       0 |   0.0
            +---------+---------+-------+---------+---------+-------
